 Dungeon Crawl Stone Soup version 0.31-a0-819-gf6de2f5ab6 (webtiles) character file.

Game seed: 2610891288913571521

111 DocEon the Conjurer (level 4, -1/24 HPs)
             Began as a Deep Elf Conjurer on Sept 23, 2023.
             Slain by a scorpion (4 damage)
             ... on level 4 of the Dungeon.
             The game lasted 00:02:17 (2491 turns).

DocEon the Conjurer (Deep Elf Conjurer)             Turns: 2491, Time: 00:02:18

Health: -1/24      AC:  2    Str:  3 (4)  XL:     4   Next: 62%
Magic:  11/12      EV: 12    Int: 24 (25) God:
Gold:   171        SH:  0    Dex: 11 (13) Spells: 3/12 levels left

rFire   . . .        (no weapon)
rCold   . . .        (no shield)
rNeg    + . .        a - +0 robe
rPois   .            (no helmet)
rElec   .            (no cloak)
rCorr   .            (no gloves)
SInv    .            (no boots)
Will    .....        (no amulet)
Stlth   ++           d - ring of positive energy
HPRegen 0.24/turn    h - ring of wizardry
MPRegen 0.13/turn

%: wizardry (x1)
@: no status effects
A: no striking features
a: no special abilities


You were on level 4 of the Dungeon.
You visited 1 branch of the dungeon, and saw 4 of its levels.

You collected 171 gold pieces.

Inventory:

Missiles
 q - 4 curare-tipped darts
Armour
 a - a +0 robe (worn)
Jewellery
 d - a ring of positive energy (left hand)
 h - a ring of wizardry (right hand)
 n - an amulet of regeneration
Wands
 g - a wand of charming (7)
Scrolls
 i - a scroll of teleportation
 m - a scroll of brand weapon {unknown}
 o - a scroll of poison {unknown}
Potions
 b - a potion of magic
 c - 2 potions of lignification {unknown}
 e - a potion of might {unknown}
 j - a potion of invisibility {unknown}
 k - a potion of curing {unknown}
 l - a potion of haste {unknown}
 p - a potion of degeneration


   Skills:
 - Level 2.5 Dodging
 - Level 2.5 Stealth
 * Level 4.9 Spellcasting
 * Level 5.2 Conjurations
 + Level 1.4 Hexes
 + Level 1.2 Summonings


You had 3 spell levels left.
You knew the following spells:

 Your Spells              Type           Power      Damage    Failure   Level
a - Magic Dart            Conj           100%       1d8       1%          1
b - Searing Ray           Conj           60%        2d6       1%          2
c - Dazzling Flash        Conj/Hex       42%        N/A       2%          3
d - Call Canine Familiar  Summ           12%        N/A       6%          3

Your spell library contained the following spells:

 Spells                   Type           Power      Damage    Failure   Level
 Summon Small Mammal      Summ           48%        N/A       2%          1
 Summon Guardian Golem    Hex/Summ       12%        N/A       6%          3
 Fulminant Prism          Conj/Hex       10%        3d8       9%          4
 Iskenderun's Mystic Bla  Conj/Tloc      18%        2d6       12%         4


Dungeon Overview and Level Annotations

Branches:
Dungeon (4/15)
 Temple: D:4-7

Altars:
Makhleb

Shops:
D:3 (

Annotations:
D:4 Blork the orc


Message History

A malevolent force fills the Dungeon...
You fall into a shaft and drop 1 floor!
The shaft crumbles and collapses.
Reactivating autopickup.
Found a stone staircase leading down.
Search for what [Enter for "curar", or ? for help]? ego Unknown command.
There is a stone staircase leading down here.
There is a stone staircase leading down here.
You now have 171 gold pieces (gained 13).
A goblin comes into view. It is wielding a +0 club.
A goblin is nearby!
The magic dart hits the goblin.
You kill the goblin!
You can't see any susceptible monsters within range! (Use Z to cast anyway.)
You can't see any susceptible monsters within range! (Use Z to cast anyway.) Magic restored.
You see here a +0 club.
Blork the orc comes into view.
He is wielding a +0 dire flail.
Blork the orc shouts!
Blork the orc is nearby!
The magic dart hits Blork the orc.
Blork the orc is lightly wounded.
Blork the orc frowns.
Blork the orc points at you and mumbles some strange words.
The magic dart hits you.
Blork the orc is nearby!
A scorpion comes into view.
You see here a +0 club.
Okay, then.
Blork the orc casts a spell at you. The puff of frost hits you!
The scorpion barely misses you. Blork the orc casts a spell at you.
The puff of frost hits you!
* * * LOW HITPOINT WARNING * * *
It was a potion of degeneration.
There was something very wrong with that liquid.
You feel weakened.
You feel dopey.
You feel clumsy. The scorpion stings you.
You die...

..........###
............#
######....#.#
#....#.#
#....#.#####+###
#....#.##......#
#....#.##......#
#....#.##......#
#....#.@s.o...$#
####.##.###
#......
...#.##..
###.#... .#
.##### .. .. .
##


You could see Blork the orc and a scorpion.

Vanquished Creatures
  An orc wizard (D:3)
  3 adders (D:3)
  2 worms (D:2)
  4 orcs (D:3)
  6 ball pythons
  2 bats
  5 endoplasms
  A giant cockroach (D:1)
  3 goblins
  4 hobgoblins
  2 jackals (D:2)
  A kobold (D:1)
  2 quokkas (D:2)
  4 frilled lizards
  8 rats
48 creatures vanquished.

Vanquished Creatures (collateral kills)
  A kobold (D:3)
1 creature vanquished.

Grand Total: 49 creatures vanquished

Notes
Turn   | Place    | Note
-------+----------+-------------------------------------------
     0 | D:1      | DocEon the Deep Elf Conjurer began the quest for the Orb.
     0 | D:1      | Reached XP level 1. HP: 10/10 MP: 6/6
   321 | D:1      | Reached XP level 2. HP: 15/15 MP: 6/8
   900 | D:1      | Learned a level 2 spell: Searing Ray
  1251 | D:2      | Reached XP level 3. HP: 19/19 MP: 8/10
  1255 | D:2      | Learned a level 3 spell: Dazzling Flash
  1259 | D:2      | Learned a level 3 spell: Call Canine Familiar
  1828 | D:3      | Found a burning altar of Makhleb.
  2043 | D:3      | Found Deurgh's Weapon Emporium.
  2155 | D:3      | Reached skill level 5 in Conjurations
  2155 | D:3      | Reached skill level 1 in Summonings
  2270 | D:3      | Reached skill level 1 in Hexes
  2270 | D:3      | Reached XP level 4. HP: 24/24 MP: 7/12
  2434 | D:3      | You fall into a shaft and drop 1 floor!
  2485 | D:4      | Noticed Blork the orc
  2487 | D:4      | Noticed a scorpion
  2491 | D:4      | Slain by a scorpion

Illustrated notes

Levels and vault maps discovered:
D:1:      onia_arrival_mini_maze, layout_basic
D:2:      layout_basic, minmay_misc_feat_cross,
          wander_ebering_terrifying_dragon_lair
D:3:      layout_loops_corners, mainiacjoe_overflow_paths, serial_shops,
          nicolae_shop_bloodbath_and_beyond
D:4:      layout_basic, grunt_temple_overflow_magic_moments,
          mainiacjoe_overflow_alcove_1, uniq_blork_the_orc, uniq_duvessa

Skill      XL: |  1  2  3 |
---------------+----------+-----
Spellcasting   | 4 |  4.9
Conjurations   | 5 |  5.2
Summonings     | 1 |  1.2
Hexes          | 1 |  1.4
Dodging        | |  2.5
Stealth        | |  2.5

Action                     |  1- 3 |  4- 6 || total
---------------------------+-------+-------++-------
   Cast: Magic Dart        |    80 |     5 ||    85
         Call Canine Famil |     2 |       ||     2
         Searing Ray       |     1 |     1 ||     2
    Use: Scroll            |     4 |       ||     4
         Potion            |       |     1 ||     1
 Armour: Robe              |     2 |     5 ||     7
  Dodge: Dodged            |     3 |     1 ||     4

Table legend: (Time is in decaauts)
 A = Elapsed time spent in this place.
 B = Non-inter-level travel time spent in this place.
 C = Inter-level travel time spent in this place.
 D = Time resting spent in this place.
 E = Time spent auto-exploring this place.
 F = Levels seen in this place.
 G = Mean time per level.
                   A        B        C        D        E       F      G
               +--------+--------+--------+--------+--------+-----+--------+
         Total |   2489 |   2447 |     42 |    122 |   2080 |   4 |  622.2 |
       Dungeon |   2489 |   2447 |     42 |    122 |   2080 |   4 |  622.2 |
               +--------+--------+--------+--------+--------+-----+--------+

Top non-repeatable levels by time:
     D:1: 927 daAuts
     D:2: 828 daAuts
     D:3: 676 daAuts
     D:4: 56 daAuts
